 Dungeon Crawl Stone Soup version 0.29.1-12-g30fa7ad0bf (webtiles) character file.

Game seed: 5257150574363635208

523 Rrauwl the Shield-Bearer (level 7, -2/68 HPs)
             Began as a Minotaur Fighter on Jan 5, 2023.
             Slain by a gnoll
             ... wielding a +0 halberd
             ... led by a gnoll bouda
              (9 damage)
             ... on level 4 of the Dungeon.
             The game lasted 00:12:33 (3461 turns).

Rrauwl the Shield-Bearer (Minotaur Fighter)         Turns: 3461, Time: 00:12:34

Health: -2/68      AC:  7    Str: 21    XL:     7   Next: 2%
Magic:  15/15      EV:  9    Int:  5    God:
Gold:   183        SH: 10    Dex: 11    Spells: 6/6 levels left

rFire   . . .      SeeInvis +   a - +0 war axe
rCold   . . .      Faith    .   e - +1 kite shield
rNeg    . . .      Spirit   .   h - +0 ring mail
rPois   .          Reflect  .   (helmet restricted)
rElec   .          Harm     .   r - +0 cloak
rCorr   .          Rampage  .   (no gloves)
Will    +....                   (no boots)
Stlth   +.........              j - amulet of the acrobat
HPRegen 0.21/turn               f - ring of see invisible
MPRegen 0.14/turn               k - ring of magical power

@: weakened
A: horns 2, retaliatory headbutt, strong-willed 1, robust 1, MP-powered wands
a: no special abilities


You were on level 4 of the Dungeon.
You visited 1 branch of the dungeon, and saw 4 of its levels.

You collected 183 gold pieces.

Inventory:

Hand Weapons
 a - a +0 war axe (weapon)
 b - a +0 whip of freezing
 c - a +1 sling
Armour
 e - a +1 kite shield (worn)
 h - a +0 ring mail (worn)
 r - a +0 cloak (worn)
Jewellery
 f - a ring of see invisible (left hand)
 j - an amulet of the acrobat (around neck)
 k - a ring of magical power (right hand)
 o - a ring of magical power
Scrolls
 g - a scroll of enchant armour
 l - 3 scrolls of identify
 m - 2 scrolls of enchant weapon
 n - a scroll of fear
 q - a scroll of teleportation
 u - a scroll of immolation
Potions
 d - a potion of attraction
 i - 4 potions of magic


   Skills:
 + Level 5.7 Fighting
 + Level 4.9 Axes
 + Level 5.7 Armour
 + Level 5.8 Shields


You had 6 spell levels left.
You didn't know any spells.
Your spell library was empty.

Dungeon Overview and Level Annotations

Branches:
Dungeon (4/15)
 Temple: D:4-7

Altars:
Wu Jian


Innate Abilities, Weirdness & Mutations

You have a pair of horns on your head.
You reflexively headbutt those who attack you in melee.
You are strong-willed. (Will+)
You are robust. (+10% HP)
You expend magic power (3 MP) to strengthen your wands.


Message History

You block the gnoll's attack.
You slash the gnoll bouda!
The gnoll bouda is severely wounded.
The gnoll bouda hits you with a +0 whip!
You block the gnoll's attack.
The gnoll bouda gazes fiercely through you!
You feel as though you will be weak longer.
You block the gnoll bouda's attack.
You hit the gnoll bouda but do no damage.
You headbutt the gnoll bouda!
You kill the gnoll bouda!
You block the gnoll's attack. The gnoll bouda completely misses you.
You furiously retaliate!
You headbutt the gnoll bouda.
Unknown command.
You hit the gnoll bouda.
The gnoll bouda is heavily wounded.
You block the gnoll's attack. The gnoll bouda barely misses you.
You block the gnoll's attack.
You closely miss the gnoll bouda. Your headbutt misses the gnoll bouda.
The gnoll bouda is heavily wounded.
The gnoll bouda hits you with a +0 club.
You block the gnoll's attack.
The gnoll bouda hits you with a +0 club.
* * * LOW HITPOINT WARNING * * *
Unknown command.
Unknown command.
You slash the gnoll bouda!
You kill the gnoll bouda!
The gnoll hits you from afar with a +0 halberd!
* * * LOW HITPOINT WARNING * * *
The gnoll barely misses you. You block the goblin's attack.
You have reached level 7!
You closely miss the goblin. You block the gnoll's attack.
The goblin hits you with a +0 dagger.
* * * LOW HITPOINT WARNING * * *
Unknown command.
You closely miss the goblin. The gnoll barely misses you.
You block the goblin's attack.
The gnoll hits you from afar with a +0 halberd!
You die...

#..##...#...##.........
##..##g..........#.##...
#..###g.................
#...............#.......
##......[.......####..##
##...#....##.....##..##
###.)########...#....##
#.....### ###.##..##
###...g@# #######
##.g### ####


You could see a gnoll (swift) and a goblin.

Vanquished Creatures
  A scorpion (D:4)
  A hound (D:4)
  2 orc priests (D:3)
  2 gnoll boudas (D:4)
  5 orc wizards (D:3)
  An iguana (D:3)
  4 gnolls
  3 adders
  3 dart slugs
  8 orcs (D:3)
  4 ball pythons
  11 bats
  2 endoplasms
  11 goblins
  4 hobgoblins
  4 jackals (D:4)
  14 kobolds
  4 quokkas
  4 frilled lizards (D:3)
  7 rats
95 creatures vanquished.

Vanquished Creatures (collateral kills)
  A gnoll (D:4)
1 creature vanquished.

Grand Total: 96 creatures vanquished

Notes
Turn   | Place    | Note
-------+----------+-------------------------------------------
     0 | D:1      | Rrauwl the Minotaur Fighter began the quest for the Orb.
     0 | D:1      | Reached XP level 1. HP: 19/19 MP: 0/0
   296 | D:1      | Reached XP level 2. HP: 27/27 MP: 1/1
   822 | D:2      | Reached XP level 3. HP: 33/33 MP: 2/2
  1274 | D:2      | Found a faded altar of an unknown god.
  1414 | D:2      | Gained mutation: Your flesh is heat resistant. (rF+)
                  | [potion of mutation]
  1414 | D:2      | Gained mutation: Your body sometimes deteriorates upon
                  | taking damage. [potion of mutation]
  1575 | D:2      | Reached XP level 4. HP: 31/41 MP: 3/3
  1768 | D:3      | Reached XP level 5. HP: 12/47 MP: 4/4
  2238 | D:3      | Lost mutation: Your body sometimes deteriorates upon taking
                  | damage. [potion of mutation]
  2238 | D:3      | Lost mutation: Your flesh is heat resistant. (rF+) [potion
                  | of mutation]
  2238 | D:3      | Gained mutation: You are strong-willed. (Will+) [potion of
                  | mutation]
  2238 | D:3      | Gained mutation: You are robust. (+10% HP) [potion of
                  | mutation]
  2238 | D:3      | Gained mutation: You expend magic power (3 MP) to
                  | strengthen your wands. [potion of mutation]
  2329 | D:3      | Reached skill level 5 in Armour
  2329 | D:3      | Reached skill level 5 in Shields
  2348 | D:3      | Reached skill level 5 in Fighting
  2557 | D:3      | Found an ornate altar of the Wu Jian Council.
  2571 | D:3      | Reached XP level 6. HP: 46/61 MP: 5/5
  3460 | D:4      | Reached XP level 7. HP: 10/68 MP: 6/6
  3461 | D:4      | Slain by a gnoll

Illustrated notes

Levels and vault maps discovered:
D:1:      wander_arrival_chamber, layout_loops_ring
D:2:      layout_basic, hellmonk_ecumenical_altar_slurped_away,
          minmay_octomino_c4
D:3:      layout_rooms, lemuel_tele_altar
D:4:      layout_cave_pools, minmay_crystal_room, hangedman_feature_mirror

Skill      XL: |  1  2  3  4  5 |
---------------+----------------+-----
Fighting       | 4 5 |  5.7
Armour         | 4 5 |  5.7
Shields        | 4 5 |  5.8
Axes           | 3 4 |  4.9

Action                   |  1- 3 |  4- 6 |  7- 9 || total
-------------------------+-------+-------+-------++-------
Melee: War axe           |    65 |   115 |     2 ||   182
       Headbutt          |     6 |    15 |       ||    21
 Fire: Sling             |    71 |    13 |       ||    84
  Use: Scroll            |     8 |     4 |       ||    12
       Potion            |     6 |     7 |       ||    13
Armor: Scale mail        |    36 |       |       ||    36
       Ring mail         |    16 |    43 |       ||    59
Dodge: Dodged            |    55 |    58 |     1 ||   114
Block: Kite shield       |    76 |    80 |     2 ||   158
